 Dungeon Crawl Stone Soup version 0.29-a0-409-gd843f3a48c (webtiles) character file.

Game seed: 4979055977413225971

111 Zeld the Caller (level 4, -11/25 HPs)
             Began as a Tengu Summoner on May 14, 2022.
             Mangled by Menkaure (20 damage)
             ... in an ossuary.
             The game lasted 00:06:43 (3152 turns).

Zeld the Caller (Tengu Summoner)                    Turns: 3152, Time: 00:06:44

Health: -11/25     AC:  5    Str: 10    XL:     4   Next: 92%
Magic:  2/9        EV: 12    Int: 16    God:
Gold:   62         SH:  0    Dex: 14    Spells: 2/8 levels left

rFire   . . .      SeeInvis .   (no weapon)
rCold   . . .      Faith    .   (no shield)
rNeg    . . .      Spirit   .   a - +0 robe
rPois   .          Reflect  .   (helmet restricted)
rElec   .          Harm     .   i - +2 cloak
rCorr   .          Rampage  .   (no gloves)
Will    .....                   (boots unavailable)
Stlth   ++........              (no amulet)
HPRegen 0.08/turn               (no ring)
MPRegen 0.11/turn               (no ring)

@: no status effects
A: beak, talons 3
a: no special abilities


You were in an ossuary.
You visited 1 branch of the dungeon, and saw 3 of its levels.
You also visited: Ossuary.

You collected 62 gold pieces.

Inventory:

Armour
 a - a +0 robe (worn)
 i - a +2 cloak (worn)
Wands
 k - a wand of acid (8)
Scrolls
 c - a scroll of enchant weapon {unknown}
 g - a scroll of noise {unknown}
 h - a scroll of teleportation {unknown}
 j - a scroll of summoning {unknown}
Potions
 b - a potion of magic
 d - a potion of mutation {unknown}
 e - a potion of heal wounds {unknown}
 f - a potion of resistance {unknown}


   Skills:
 + Level 1.3 Fighting
 + Level 2.8 Dodging
 + Level 2.6 Stealth
 * Level 2.9 Spellcasting
 * Level 5.6 Summonings


You had 2 spell levels left.
You knew the following spells:

 Your Spells              Type           Power      Damage    Failure   Level
a - Summon Small Mammal   Summ           80%        N/A       1%          1
b - Call Imp              Summ           20%        N/A       2%          2
c - Call Canine Familiar  Summ           20%        N/A       5%          3

Your spell library contained the following spells:

 Spells                   Type           Power      Damage    Failure   Level
 Summon Guardian Golem    Hex/Summ       11%        N/A       19%         3
 Summon Lightning Spire   Summ/Air       11%        N/A       52%         4
 Storm Form               Tmut/Air       1%         N/A       100%        7
 Maxwell's Capacitive Co  Air            1%         ∞         100%        8


Dungeon Overview and Level Annotations

Branches:
Dungeon (4/15)            Ossuary (1/1)
 Temple: D:4-7

Altars:

Annotations:
Ossuary Menkaure


Innate Abilities, Weirdness & Mutations

You have a beak for a mouth.
You have claws for feet.


Message History

You start resting.
Menkaure is nearby!
Menkaure is nearby!
What are your orders? t - Shout!
Orders for allies: a - Attack new target. r - Retreat! s - Stop attacking. g - Guard the area. f - Follow me.
Anything else - Cancel.
Gang up on whom?
Press: ? - help, Dir - move target, f - Menkaure
Aim: Menkaure (ally target) Attack!
Your hound bites Menkaure but does no damage.
Menkaure hits your hound!!
Your hound dies!
Your hound's corpse disappears in a puff of smoke!
Casting: Call Canine Familiar (quite dangerous; 5% risk of failure)
Confirm with . or Enter, or press ? or * to list all spells.
The spell is quite dangerous to miscast (5% risk of failure)!
Continue anyway? [Y]es or [N]o only, please.
The spell is quite dangerous to miscast (5% risk of failure)!
Continue anyway?
Casting: Call Canine Familiar (quite dangerous; 5% risk of failure)
Confirm with . or Enter, or press ? or * to list all spells.
A beastly little devil appears in a puff of flame.
Your hound bites Menkaure but does no damage.
No action selected
Press: ? - help, Q - select action, (/) - cycle Dir - look around, f - activate What are your orders? t - Shout!
Orders for allies: a - Attack new target. r - Retreat! s - Stop attacking. g - Guard the area. f - Follow me.
Anything else - Cancel.
Gang up on whom?
Press: ? - help, Dir - move target, f - Menkaure
Aim: Menkaure (ally target) Attack!
Your hound bites Menkaure.
Menkaure hits you!!
Ouch! That really hurt!
You die...

##..##..## ##^.##..##
##..##..## ##..##^.##
##..##..## ##..##..##
##.5##^.## ##..##..##
##.@##..##
##hM##..#############
##..##........5...M.M.
##..###################
#.......M..............
#######################


You could see Menkaure (ally target), a friendly hound (summoned) and a friendly
crimson imp (summoned).

Vanquished Creatures
  A dart slug (D:2)
  A bat (D:1)
  2 endoplasms
  3 goblins
  A hobgoblin (D:4)
  A jackal (D:2)
  A kobold (D:1)
  A frilled lizard (D:1)
  A gnoll skeleton (Ossuary)
  A goblin skeleton (Ossuary)
  A goblin zombie (Ossuary)
  2 kobold skeletons (Ossuary)
  2 kobold zombies (Ossuary)
  An orc skeleton (Ossuary)
  2 orc zombies (Ossuary)
  2 rat skeletons (Ossuary)
  A rat zombie (Ossuary)
24 creatures vanquished.

Vanquished Creatures (collateral kills)
  A jelly (D:2)
  A mummy (Ossuary)
  2 dart slugs
  5 ball pythons
  An endoplasm (D:1)
  2 giant cockroaches (D:1)
  A gnoll zombie (Ossuary)
  3 goblins
  2 hobgoblins (D:1)
  A kobold (D:1)
  A bat (D:2)
  2 frilled lizards
  A gnoll skeleton (Ossuary)
  4 goblin skeletons (Ossuary)
  6 goblin zombies (Ossuary)
  3 hobgoblin skeletons (Ossuary)
  A hobgoblin zombie (Ossuary)
  A kobold skeleton (Ossuary)
  A kobold zombie (Ossuary)
  An orc skeleton (Ossuary)
  3 orc zombies (Ossuary)
  3 rat skeletons (Ossuary)
  A rat zombie (Ossuary)
47 creatures vanquished.

Grand Total: 71 creatures vanquished

Notes
Turn   | Place    | Note
-------+----------+-------------------------------------------
     0 | D:1      | Zeld the Tengu Summoner began the quest for the Orb.
     0 | D:1      | Reached XP level 1. HP: 10/10 MP: 4/4
   281 | D:1      | Reached skill level 5 in Summonings
   375 | D:1      | Reached XP level 2. HP: 6/15 MP: 4/6
   612 | D:1      | Learned a level 2 spell: Call Imp
  1319 | D:1      | Reached XP level 3. HP: 20/20 MP: 5/7
  1323 | D:1      | Learned a level 3 spell: Call Canine Familiar
  1573 | D:2      | Reached skill level 1 in Fighting
  1693 | D:2      | Reached XP level 4. HP: 25/25 MP: 6/8
  1847 | D:2      | You fall into a shaft and drop 2 floors!
  2017 | D:4      | Found a sand-covered staircase.
  2022 | Ossuary  | Entered an ossuary
  2452 | Ossuary  | Noticed Menkaure
  3152 | Ossuary  | Mangled by Menkaure

Illustrated notes

Levels and vault maps discovered:
D:1:      lightli_arrival_noodles, layout_basic, corner_web_ring
D:2:      layout_basic, serial_forest, infiniplex_forest_zigzag_1,
          infiniplex_forest_clump_long, infiniplex_forest_clump_medium,
          infiniplex_forest_clump_small, infiniplex_forest_clump_small,
          infiniplex_forest_lined_3, infiniplex_forest_clump_double,
          infiniplex_forest_pool, ebering_ecumenical_altar_rust
D:4:      lemuel_castle_with_subvaults [lemuel_castle_interior_carwin_2],
          layout_cave_pools, minmay_temple_entry_poolview,
          nicolae_ossuary_entry_false_entrances, minmay_misc_feat_diagonals,
          minivault_27, kennysheep_path_1
Ossuary:  ossuary_due_pyramid

Skill      XL: |  1  2  3 |
---------------+----------+-----
Summonings     | 5 |  5.6
Fighting       | 1 |  1.3
Dodging        | |  2.8
Stealth        | |  2.6
Spellcasting   | |  2.9

Action                   |  1- 3 |  4- 6 || total
-------------------------+-------+-------++-------
Melee: Unarmed           |    21 |    51 ||    72
       Peck              |     3 |    12 ||    15
       Kick              |     2 |    23 ||    25
       Punch             |     1 |       ||     1
 Cast: Summon Small Mamm |    24 |     4 ||    28
       Call Imp          |     6 |    14 ||    20
       Call Canine Famil |     1 |     2 ||     3
 Stab: Distracted        |       |     1 ||     1
       Sleeping          |       |     1 ||     1
Armor: Robe              |    12 |    16 ||    28
Dodge: Dodged            |    31 |    42 ||    73

Table legend: (Time is in decaauts)
 A = Elapsed time spent in this place.
 B = Non-inter-level travel time spent in this place.
 C = Inter-level travel time spent in this place.
 D = Time resting spent in this place.
 E = Time spent auto-exploring this place.
 F = Levels seen in this place.
 G = Mean time per level.
                   A        B        C        D        E       F      G
               +--------+--------+--------+--------+--------+-----+--------+
         Total |   3152 |   3110 |     42 |    737 |   1508 |   4 |  788.0 |
       Dungeon |   2023 |   1981 |     42 |    200 |   1283 |   3 |  674.3 |
       Ossuary |   1129 |   1129 |      0 |    537 |    225 |   1 | 1129.0 |
               +--------+--------+--------+--------+--------+-----+--------+

Top non-repeatable levels by time:
     D:1: 1556 daAuts
 Ossuary: 1129 daAuts
     D:2: 292 daAuts
     D:4: 174 daAuts
